 Dungeon Crawl Stone Soup version 0.19.4-9-g45fd643 (webtiles) character file.

1414 raph the Firebug (level 8, -2/41 HPs)
             Began as a Deep Elf Fire Elementalist on Feb 21, 2017.
             Was a Believer of Kikubaaqudgha.
             Killed by divine providence
             ... invoked by an orc priest
              (17 damage)
             ... on level 7 of the Dungeon.
             The game lasted 00:18:19 (7956 turns).

raph the Firebug (Deep Elf Fire Elementalist)       Turns: 7956, Time: 00:18:20

Health: -2/41      AC:  5    Str: 11    XL:     8   Next: 43%
Magic:  9/19       EV: 12    Int: 22    God:    Kikubaaqudgha [**....]
Gold:   353        SH:  0    Dex: 17    Spells: 7 memorised, 2 levels left

rFire  . . .     SeeInvis .     y - +4 short sword (flame) (curse)
rCold  . . .     Gourm    .     i - +1 leather armour
rNeg   . . .     Faith    .     (no shield)
rPois  .         Spirit   .     k - +1 helmet
rElec  .         Reflect  .     a - +0 cloak
rCorr  .         Harm     .     (no gloves)
MR     +....                    p - +1 pair of boots
Stlth  ++........               (no amulet)
                                A - ring of Zeucimmu {MR+ AC-5 Str+5 Dex+2} (curse)
                                I - -2 ring of evasion (curse)

@: no status effects
A: shaggy fur 1
a: Receive Corpses, Renounce Religion


You were on level 7 of the Dungeon.
You worshipped Kikubaaqudgha.
Kikubaaqudgha was pleased with you.
You were not hungry.

You visited 1 branch of the dungeon, and saw 7 of its levels.

You collected 353 gold pieces.

Inventory:

Hand Weapons
 d - a +0 rapier
 h - a +0 dagger
 t - a +1 dagger of draining
 y - a cursed +4 short sword of flaming (weapon)
Missiles
 r - 3 tomahawks of returning (quivered)
 E - 5 tomahawks of dispersal
Armour
 a - a +0 cloak (worn)
 i - a +1 leather armour (worn)
 k - a +1 helmet (worn)
 p - a +1 pair of boots (worn)
Jewellery
 w - a +3 ring of protection
 A - the cursed ring of Zeucimmu (right hand) {MR+ AC-5 Str+5 Dex+2}
   (You found it on level 7 of the Dungeon)

   [ring of protection]

   It affects your AC (-5).
   It affects your strength (+5).
   It affects your dexterity (+2).
   It affects your resistance to hostile enchantments.
   It has a curse placed upon it.
 I - a cursed -2 ring of evasion (left hand)
Wands
 x - a wand of acid (3/15)
Scrolls
 g - 3 scrolls of enchant weapon
 l - a scroll of recharging
 n - 4 scrolls of amnesia
 F - a scroll of enchant armour
Potions
 e - 3 potions of curing
 f - a potion of invisibility {unknown}
 j - 2 potions of lignification
 o - a potion of flight
 q - 2 potions of brilliance
 v - 2 potions of heal wounds
 B - 2 potions of agility
 G - a potion of magic
 H - a potion of ambrosia
Books
 b - a book of Flames

   Spells                             Type                      Level
   a - Flame Tongue                   Conjuration/Fire             1
   b - Throw Flame                    Conjuration/Fire             2
   c - Conjure Flame                  Conjuration/Fire             3
   d - Inner Flame                    Hexes/Fire                   3
   e - Sticky Flame                   Conjuration/Fire             4
   f - Fireball                       Conjuration/Fire             5
 m - Kikubaaqudgha's Guide on Black Secrets
   (Kikubaaqudgha gifted it to you on level 3 of the Dungeon)

   Spells                             Type                      Level
   a - Animate Skeleton               Necromancy                   1
   b - Corpse Rot                     Necromancy                   2
   c - Sublimation of Blood           Necromancy                   2
   d - Vampiric Draining              Necromancy                   3
   e - Control Undead                 Necromancy                   4
 C - a book of Misfortune

   Spells                             Type                      Level
   a - Confusing Touch                Hexes                        1
   b - Confuse                        Hexes                        3
   c - Gell's Gravitas                Hexes/Translocation          3
   d - Petrify                        Transmutation/Earth          4
   e - Metabolic Englaciation         Hexes/Ice                    5
   f - Yara's Violent Unravelling     Hexes/Transmutation          5
Comestibles
 c - 3 bread rations
 s - 2 royal jellies
 u - a meat ration
 z - 3 slices of pizza
 D - 2 chunks of flesh


   Skills:
 + Level 2.3 Armour
 + Level 5.0 Dodging
 - Level 2.4 Stealth
 + Level 6.0 Spellcasting
 + Level 4.5 Conjurations
 * Level 4.8 Necromancy
 * Level 7.0 Fire Magic


You had 2 spell levels left.
You knew the following spells:

 Your Spells              Type           Power        Failure   Level  Hunger
a - Flame Tongue          Conj/Fire      ####.        1%          1    None
b - Throw Flame           Conj/Fire      ####..       1%          2    None
c - Conjure Flame         Conj/Fire      ####....     3%          3    #......
d - Inner Flame           Hex/Fire       ###.....     10%         3    #......
e - Animate Skeleton      Necr           N/A          1%          1    None
f - Sticky Flame          Conj/Fire      ####....     14%         4    ###....
g - Vampiric Draining     Necr           ####......   6%          3    #......


Dungeon Overview and Level Annotations

Branches:
Dungeon (7/15)             Temple (0/1) D:7

Altars:
Gozag
Kikubaaqudgha
Okawaru
Ru
Sif Muna
Vehumet
Xom


Innate Abilities, Weirdness & Mutations

You are covered in fur. (AC +1)


Message History

Casting: Flame Tongue
Confirm with . or Enter, or press ? or * to list all spells.
Aiming: Flame Tongue
Press: ? - help, Shift-Dir - straight line, f/p - orc warrior
Aim: an orc warrior, wielding a trident and wearing a chain mail (lightly wounded, inner flame)
The flame tongue hits the orc warrior.
The orc warrior is moderately wounded.
The orc priest mumbles some strange prayers to Beogh against you.
Beogh smites you!
Casting: Flame Tongue
Confirm with . or Enter, or press ? or * to list all spells.
Aiming: Flame Tongue
Press: ? - help, Shift-Dir - straight line, f/p - orc warrior
Aim: an orc warrior, wielding a trident and wearing a chain mail (moderately wounded, inner flame)
The flame tongue hits the orc warrior.
The orc warrior appears unharmed.
The orc warrior is moderately wounded.
The orc priest calls down the wrath of Beogh upon you.
Beogh smites you!
You die...
Kikubaaqudgha rasps: "You have failed me!
Welcome... death!"

## #....# #.#
#################.#
#########......Z..........#
..........#################
..........# ..........## ##
####.......# .#
#......o###.# #......o§.@.#
#.......###?#
.........###+#####
........##........#
.....o..##........######
....... #........'.#..#
...... #........#.#<.# ...
#........#.##.# #####
######........#....#


You could see an orc warrior (inner flame) and an orc priest.

Vanquished Creatures
  Edmund (D:6)
  An orc warrior (D:7)
  An ogre (D:5)
  2 phantoms
  2 bullfrogs (D:6)
  4 wights (D:6)
  3 howler monkeys
  A jelly (D:5)
  4 orc priests
  4 orc wizards
  An iguana (D:5)
  2 worker ants
  A hound zombie (D:7)
  6 adders
  2 shadow imps
  3 worms
  4 dart slugs
  4 leopard geckos
  19 orcs
  6 giant cockroaches
  10 goblins
  8 hobgoblins
  12 jackals
  3 quokkas
  9 bats
  10 frilled lizards
  6 kobolds
  A leopard gecko skeleton (D:6)
  3 rats (D:1)
133 creatures vanquished.

Notes
Turn   | Place    | Note
-------+----------+-------------------------------------------
     0 | D:1      | raph the Deep Elf Fire Elementalist began the quest for the Orb.
     0 | D:1      | Reached XP level 1. HP: 10/10 MP: 6/6
   307 | D:1      | Reached XP level 2. HP: 15/15 MP: 6/8
   367 | D:1      | Learned a level 2 spell: Throw Flame
   664 | D:1      | Reached XP level 3. HP: 9/19 MP: 1/9
   936 | D:1      | Reached skill level 4 in Fire Magic
  1384 | D:2      | Found an ancient bone altar of Kikubaaqudgha.
  1394 | D:2      | Found a faded altar of an unknown god.
  1592 | D:2      | Became a worshipper of Kikubaaqudgha
  1606 | D:2      | Learned a level 3 spell: Conjure Flame
  1610 | D:2      | Learned a level 3 spell: Inner Flame
  1692 | D:2      | Found an opulent altar of Gozag.
  1886 | D:2      | Reached XP level 4. HP: 24/24 MP: 8/11
  1962 | D:2      | Found an iron altar of Okawaru.
  3237 | D:3      | Reached * piety under Kikubaaqudgha
  3237 | D:3      | Identified Kikubaaqudgha's Guide on Black Secrets (Kikubaaqudgha gifted it to you on level 3 of the Dungeon)
  3237 | D:3      | Received a gift from Kikubaaqudgha
  3237 | D:3      | Reached XP level 5. HP: 10/28 MP: 0/13
  4100 | D:4      | Reached skill level 1 in Necromancy
  4223 | D:4      | Reached skill level 5 in Fire Magic
  4396 | D:4      | Learned a level 1 spell: Animate Skeleton
  4562 | D:4      | Reached skill level 1 in Armour
  4562 | D:4      | Reached XP level 6. HP: 27/32 MP: 7/15
  4871 | D:5      | Entered Level 5 of the Dungeon
  5184 | D:5      | Reached skill level 5 in Spellcasting
  5506 | D:5      | Learned a level 4 spell: Sticky Flame
  5759 | D:5      | Reached XP level 7. HP: 36/36 MP: 11/16
  6195 | D:5      | Reached skill level 6 in Fire Magic
  6384 | D:5      | Learned a level 3 spell: Vampiric Draining
  6629 | D:6      | Reached ** piety under Kikubaaqudgha
  6730 | D:6      | Reached XP level 8. HP: 32/41 MP: 10/18
  6918 | D:6      | Noticed Edmund
  6932 | D:6      | Killed Edmund
  6963 | D:6      | Reached skill level 5 in Dodging
  7148 | D:6      | Found a deep blue altar of Sif Muna.
  7383 | D:7      | Gained mutation: You are covered in fur. (AC +1) [potion of beneficial mutation]
  7410 | D:7      | Found a radiant altar of Vehumet.
  7410 | D:7      | Found a sacrificial altar of Ru.
  7411 | D:7      | Found a shimmering altar of Xom.
  7580 | D:7      | Found an iron altar of Okawaru.
  7626 | D:7      | Found a staircase to the Ecumenical Temple.
  7675 | D:7      | Got a twitching jade ring
  7758 | D:7      | Reached skill level 7 in Fire Magic
  7903 | D:7      | Identified the cursed ring of Zeucimmu {MR+ AC-5 Str+5 Dex+2} (You found it on level 7 of the Dungeon)
  7956 | D:7      | Killed from afar by an orc priest

Skill      XL: |  1  2  3  4  5  6  7  8 |
---------------+-------------------------+-----
Fire Magic     | 4 5 6 7 |  7.0
Conjurations   | 2 3 4 |  4.5
Dodging        | 3 4 5 |  5.0
Spellcasting   | 4 5 6 |  6.0
Necromancy     | 1 2 3 4 |  4.8
Armour         | 1 2 |  2.3
Stealth        | |  2.4

Action                   |  1- 3 |  4- 6 |  7- 9 || total
-------------------------+-------+-------+-------++-------
Melee: Unarmed           |     1 |       |       ||     1
       Dagger            |    12 |     4 |       ||    16
       Short sword       |     2 |       |       ||     2
       Rapier            |       |     1 |       ||     1
 Cast: Flame Tongue      |    73 |   102 |    99 ||   274
       Throw Flame       |     2 |    26 |     8 ||    36
       Conjure Flame     |       |     3 |     7 ||    10
       Inner Flame       |       |     2 |     4 ||     6
       Animate Skeleton  |       |     5 |     9 ||    14
  Use: Scroll            |     4 |    14 |     8 ||    26
       Potion            |       |     1 |     1 ||     2
  Eat: Chunk             |     3 |    12 |     5 ||    20
       Meat ration       |       |       |     1 ||     1
Armor: Leather armour    |    14 |    16 |     9 ||    39
Dodge: Dodged            |    33 |    38 |    16 ||    87
